 Dungeon Crawl Stone Soup version 0.28-a0-2-g643f2454ad (webtiles) character file.

Game seed: 2743826622294664472

348 pkoi the Ruffian (level 6, -3/51 HPs)
             Began as a Draconian Monk on July 22, 2021.
             Was a Believer of Nemelex Xobeh.
             Slain by a kobold brigand (7 damage)
             ... in a sewer.
             The game lasted 00:03:56 (2899 turns).

pkoi the Ruffian (Draconian Monk)                   Turns: 2899, Time: 00:03:56

Health: -3/51      AC:  7    Str: 15    XL:     6   Next: 33%
Magic:  8/8        EV: 12    Int: 11    God:    Nemelex Xobeh [**....]
Gold:   110        SH:  0    Dex: 13    Spells: 5/5 levels left

rFire   . . .      SeeInvis .     - Unarmed
rCold   . . .      Faith    .   (no shield)
rNeg    . . .      Spirit   .   (armour unavailable)
rPois   .          Reflect  .   (helmet restricted)
rElec   .          Harm     .   d - +0 cloak
rCorr   .          Rampage  .   (no gloves)
Will    .....                   (no boots)
Stlth   ++........              (no amulet)
HPRegen 0.17/turn               (no ring)
MPRegen 0.11/turn               (no ring)

@: mighty, flying
A: AC +6, unfitting armour, cold-blooded
a: Renounce Religion, Draw Escape, Draw Destruction, Draw Summoning


You were in a sewer.
You worshipped Nemelex Xobeh.
Nemelex Xobeh was pleased with you.
You visited 1 branch of the dungeon, and saw 4 of its levels.
You also visited: Sewer.

You collected 110 gold pieces.

Inventory:

Missiles
 f - 29 poisoned darts (quivered)
Armour
 d - a +0 cloak (worn)
Scrolls
 c - a scroll of brand weapon
 h - a scroll of fear {unknown}
Potions
 e - a potion of berserk rage {unknown}
 g - a potion of cancellation {unknown}
 i - a potion of mutation {unknown}
 j - a potion of invisibility {unknown}
 k - 3 potions of haste {unknown}


   Skills:
 - Level 3.2 Fighting
 - Level 2.6 Dodging
 - Level 1.7 Stealth
 + Level 6.3 Unarmed Combat
 + Level 3.5 Invocations


You had 5 spell levels left.
You didn't know any spells.
Your spell library was empty.

Dungeon Overview and Level Annotations

Branches:
Dungeon (4/15)              Sewer (1/1)
 Temple: D:4-7

Altars:
Nemelex Xobeh

Shops:
D:1 *


Innate Abilities, Weirdness & Mutations

Your plain brown scales are hard. (AC +6)
You cannot fit into any form of body armour.
You are cold-blooded and may be slowed by cold attacks.


Message History

The kobold brigand barely misses you.
You hit the kobold brigand.
The kobold brigand is almost dead.
The kobold brigand completely misses you.
Unknown command.
You hit the kobold brigand but do no damage.
The kobold brigand is almost dead.
The kobold brigand closely misses you.
You closely miss the kobold brigand.
Your tail-slap misses the kobold brigand.
The kobold brigand is almost dead.
The kobold brigand hits you with a +4 whip.
* * * LOW HITPOINT WARNING * * *
You hit the kobold brigand but do no damage.
The kobold brigand is almost dead.
Unknown command.
You punch the kobold brigand!
You kill the kobold brigand!
The kobold brigand throws a curare-tipped dart.
The curare-tipped dart misses you.
Unknown command.
The kobold brigand hits you with a +0 short sword.
* * * LOW HITPOINT WARNING * * *
Things that are here:
a +4 whip; 2 poisoned darts; a kobold corpse It was a potion of flight.
You feel very buoyant.
You fly up into the air.
The kobold brigand misses you.
It was a potion of might.
You feel very mighty all of a sudden. The kobold brigand closely misses you.
You punch the kobold brigand!
The kobold brigand is moderately wounded.
The kobold brigand hits you but does no damage.
You pummel the kobold brigand!!
Your tail-slap misses the kobold brigand.
The kobold brigand is almost dead.
The kobold brigand hits you with a +0 short sword!
You die...
Your body disappears without a glow.

#≈....####....≈#####
#.≈...†≈≈≈..≈.≈≈≈≈≈≈
#≈....####.....#####
##...## ##...## #
##.## ##≈## #.# #≈#
#.# #≈# #.# ##≈##
#@# ##≈≈.## # #.K..#
#....≈##### #.≈!.#
#...≈.≈≈≈≈≈ ....##
#...≈.##### ###.##
##≈≈≈## # ### #####


You could see a kobold brigand.

Vanquished Creatures
  2 kobold brigands (Sewer)
  An iguana (D:4)
  5 adders
  3 gnolls
  3 river rats (Sewer)
  An adder skeleton (D:4)
  6 worms
  2 dart slugs (D:2)
  An orc (D:4)
  6 ball pythons
  5 endoplasms
  2 giant cockroaches
  6 goblins
  6 hobgoblins
  A quokka (D:2)
  A frilled lizard (D:2)
  7 kobolds
  4 rats
62 creatures vanquished.

Notes
Turn   | Place    | Note
-------+----------+-------------------------------------------
     0 | D:1      | pkoi the Draconian Monk began the quest for the Orb.
     0 | D:1      | Reached XP level 1. HP: 19/19 MP: 1/1
   334 | D:1      | Reached XP level 2. HP: 26/26 MP: 2/2
   723 | D:1      | Found Qoonlaifu's Assorted Antiques.
   883 | D:2      | Reached skill level 4 in Unarmed Combat
   893 | D:2      | Reached XP level 3. HP: 17/31 MP: 3/3
  1086 | D:2      | Found a faded altar of an unknown god.
  1869 | D:2      | Reached skill level 5 in Unarmed Combat
  1869 | D:2      | Reached XP level 4. HP: 34/38 MP: 4/4
  1939 | D:3      | You fall into a shaft and drop 1 floor!
  1962 | D:4      | Found a sparkling altar of Nemelex Xobeh.
  1966 | D:4      | Became a worshipper of Nemelex Xobeh the Trickster
  1966 | D:4      | Reached * piety under Nemelex Xobeh
  1966 | D:4      | Received a gift from Nemelex Xobeh
  1966 | D:4      | Reached ** piety under Nemelex Xobeh
  2096 | D:4      | Reached skill level 1 in Invocations
  2148 | D:3      | Reached XP level 5. HP: 27/45 MP: 4/6
  2204 | D:3      | Found a glowing drain.
  2211 | Sewer    | Entered a sewer
  2552 | Sewer    | Reached skill level 6 in Unarmed Combat
  2727 | Sewer    | Reached XP level 6. HP: 46/51 MP: 8/8
  2899 | Sewer    | Slain by a kobold brigand

Illustrated notes

Levels and vault maps discovered:
D:1:      dpeg_arrival_windows_large_door, layout_basic, serial_shops,
          nicolae_shop_overgrown_old_shop
D:2:      layout_rooms, shapermc_ecumenical_altar_notcrosses
D:3:      layout_rooms, cheibrodos_sewer_entry_drain
D:4:      layout_loops_ring, nemelex_dance_club_becter,
          minmay_overflow_temple_star_quad, enter_ossuary_5
Sewer:    sewer_co_15_rooms

Skill      XL: |  1  2  3  4  5 |
---------------+----------------+-----
Unarmed Combat | 4 5 6 |  6.3
Invocations    | 1 3 |  3.5
Fighting       | |  3.2
Dodging        | |  2.6
Stealth        | |  1.7

Action                   |  1- 3 |  4- 6 || total
-------------------------+-------+-------++-------
Melee: Unarmed           |   161 |   159 ||   320
       Tailslap          |    20 |    17 ||    37
       Punch             |     1 |     6 ||     7
Invok: Draw Destruction  |       |     1 ||     1
  Use: Scroll            |     2 |     1 ||     3
       Potion            |       |     2 ||     2
 Stab: Sleeping          |     2 |       ||     2
Armor: Skin              |    44 |    38 ||    82
Dodge: Dodged            |   106 |    66 ||   172

Table legend: (Time is in decaauts)
 A = Elapsed time spent in this place.
 B = Non-inter-level travel time spent in this place.
 C = Inter-level travel time spent in this place.
 D = Time resting spent in this place.
 E = Time spent auto-exploring this place.
 F = Levels seen in this place.
 G = Mean time per level.
                   A        B        C        D        E       F      G
               +--------+--------+--------+--------+--------+-----+--------+
         Total |   2912 |   2851 |     61 |    460 |   1624 |   5 |  582.4 |
       Dungeon |   2206 |   2145 |     61 |    375 |   1201 |   4 |  551.5 |
         Sewer |    705 |    705 |      0 |     85 |    422 |   1 |  705.0 |
               +--------+--------+--------+--------+--------+-----+--------+

Top non-repeatable levels by time:
     D:2: 1105 daAuts
     D:1: 765 daAuts
   Sewer: 705 daAuts
     D:4: 178 daAuts
     D:3: 157 daAuts
